 Dungeon Crawl Stone Soup version 0.29.0-4-gdea44cf6ec (webtiles) character file.

Game seed: 10604772930396992631

23 qw the Sneak (level 2, -1/24 HPs)
             Began as a Ghoul Enchanter on Sept 6, 2022.
             Slain by a gnoll
             ... wielding a +0 spear
              (3 damage)
             ... on level 2 of the Dungeon.
             The game lasted 00:00:25 (1274 turns).

qw the Sneak (Ghoul Enchanter)                      Turns: 1274, Time: 00:00:26

Health: -1/24      AC:  6    Str: 11    XL:     2   Next: 95%
Magic:  3/3        EV: 11    Int: 10    God:
Gold:   44         SH:  0    Dex:  9    Spells: 4/4 levels left

rFire   . . .      SeeInvis .   b - +0 hand axe
rCold   + . .      Faith    .   (no shield)
rNeg    + + +      Spirit   .   g - +0 leather armour
rPois   inf        Reflect  .   (no helmet)
rElec   .          Harm     .   (no cloak)
rCorr   .          Rampage  .   a - +2 pair of gloves
Will    .....                   (no boots)
Stlth   ++........              (no amulet)
HPRegen 0.00/turn               (no ring)
MPRegen 0.08/turn               (no ring)

@: inhibited regen
A: claws 1, cold resistance 1, negative energy resistance 3, inhibited
regeneration, torment resistance 2, devour on kill
a: no special abilities


You were on level 2 of the Dungeon.
You visited 1 branch of the dungeon, and saw 2 of its levels.

You collected 44 gold pieces.


Innate Abilities, Weirdness & Mutations

You are immune to poison.
You have sharp fingernails.
Your flesh is cold resistant. (rC+)
You are immune to negative energy. (rN+++)
You do not regenerate when monsters are visible.
You are immune to unholy pain and torment.
You thrive by killing the living.


   Skills:
 - Level 1.8 Fighting
 - Level 0.8 Short Blades
 + Level 1.4 Axes
 - Level 1.7 Dodging
 - Level 3.2 Stealth
 - Level 1.7 Spellcasting
 - Level 2.4 Hexes


You had 4 spell levels left.
You didn't know any spells.
Your spell library contained the following spells:

 Spells                   Type           Power      Damage    Failure   Level
 Ensorcelled Hibernation  Hex/Ice        6%         N/A       36%         2
 Confusing Touch          Hex            5%         N/A       43%         3
 Tukima's Dance           Hex            5%         N/A       43%         3
 Dazzling Flash           Conj/Hex       6%         N/A       61%         3

Inventory:

Hand Weapons
 b - a +0 hand axe (weapon)
 Y - a +1 club
Armour
 a - a +2 pair of gloves (worn)
 d - a +0 helmet
 g - a +0 leather armour (worn)
Scrolls
 c - 2 scrolls of identify

Dungeon Overview and Level Annotations

Branches:
Dungeon (2/15)

Altars:


Message History

3 gnolls come into view.
Found a faded altar of an unknown god.
The gnoll shouts! x2
A gnoll comes into view. It is wielding a +0 whip.
The gnoll moves out of view.
1262 ||| Stepping ~*~*~tactically~*~*~ (hiding).
You start waiting.
A gnoll is nearby!
A ball python comes into view.
The gnoll hits you but does no damage.
You closely miss the gnoll.
The ball python hisses angrily.
The gnoll barely misses you.
The gnoll hits you from afar with a +0 spear.
You barely miss the gnoll.
The gnoll shouts!
The gnoll closely misses you. The gnoll hits you with a +0 halberd.
You closely miss the gnoll. The gnoll hits you with a +0 halberd.
The gnoll closely misses you.
You hit the gnoll.
The gnoll is heavily wounded.
The gnoll barely misses you. The gnoll misses you.
The gnoll hits you with a +0 halberd! The gnoll hits you but does no damage.
You barely miss the gnoll.
The gnoll is heavily wounded.
The gnoll barely misses you. The gnoll hits you but does no damage.
You hit the gnoll but do no damage.
The gnoll is heavily wounded.
The gnoll misses you. The gnoll barely misses you.
You hit the gnoll but do no damage.
The gnoll is heavily wounded.
The gnoll completely misses you. The gnoll barely misses you.
You closely miss the gnoll.
The gnoll is heavily wounded.
The gnoll misses you. The gnoll hits you with a +0 halberd.
You closely miss the gnoll.
The gnoll is moderately wounded.
The gnoll closely misses you. The gnoll misses you.
The gnoll hits you from afar with a +0 spear.
You die...

..# #.......# #.#
#.......#### .¤ ### #.#
#.......##.. .¤ .. #.#
#.......##.# ¤¤.. #.#
#.......##.# g#. ..#
##########.# Sg ######
### #.# g# #...####.##
#.##g##.#:#
##.#.......###..@......#
##...##...........######
.....###...########
###.## ##.## # ### ###


You could see 4 gnolls and a ball python.

Vanquished Creatures
  An adder (D:2)
  A giant cockroach (D:1)
  A hobgoblin (D:2)
  4 jackals (D:2)
  2 ball pythons
  2 goblins (D:1)
  2 rats (D:1)
13 creatures vanquished.

Notes
Turn   | Place    | Note
-------+----------+-------------------------------------------
     0 | D:1      | qw the Ghoul Enchanter began the quest for the Orb.
     0 | D:1      | Reached XP level 1. HP: 14/14 MP: 2/2
     0 | D:1      | 0 ||| qw: Version: 0.1-a-108-g9e35731
     0 | D:1      | 0 ||| qw: Game counter: 6406
     0 | D:1      | 0 ||| qw: Always use a shield: true
     0 | D:1      | 0 ||| qw: God list: Okawaru
     0 | D:1      | 0 ||| qw: Allow faded altars: false
     0 | D:1      | 0 ||| qw: Do Orc after D:15 true
     0 | D:1      | 0 ||| qw: Do second Lair branch before Depths: true
     0 | D:1      | 0 ||| qw: Lair rune preference: random
     0 | D:1      | 0 ||| qw: Plans: Normal
     0 | D:1      | 0 ||| PLANNING D:1-11
   232 | D:1      | 232 ||| Stepping ~*~*~tactically~*~*~ (stealth).
   239 | D:1      | 239 ||| SWAPPING to +0 club.
   240 | D:1      | 240 ||| DROPPING +1 dagger.
   243 | D:1      | 243 ||| Stepping ~*~*~tactically~*~*~ (stealth).
   245 | D:1      | 245 ||| Stepping ~*~*~tactically~*~*~ (stealth).
   320 | D:1      | Reached skill level 1 in Axes
  1028 | D:1      | 1028 ||| UPGRADING to +2 pair of gloves.
  1033 | D:1      | 1033 ||| UPGRADING to +0 leather armour.
  1043 | D:1      | 1043 ||| DROPPING +0 robe.
  1044 | D:1      | 1044 ||| READING scroll labelled BUMNUC QASMUPT.
  1045 | D:1      | 1045 ||| READING scroll labelled GODDUCENNI.
  1046 | D:1      | 1046 ||| READING scroll labelled MASERA NILIUM.
  1047 | D:1      | 1047 ||| DROPPING 2 potions of invisibility.
  1099 | D:2      | Reached XP level 2. HP: 22/22 MP: 3/3
  1114 | D:2      | Reached skill level 1 in Fighting
  1127 | D:2      | 1127 ||| SWAPPING to +0 hand axe.
  1261 | D:2      | Found a faded altar of an unknown god.
  1262 | D:2      | 1262 ||| Stepping ~*~*~tactically~*~*~ (hiding).
  1269 | D:2      | HP: 3/24 [gnoll/+0 halberd (11)]
  1274 | D:2      | Slain by a gnoll

Levels and vault maps discovered:
D:1:      eino_arrival_tree_alley, layout_basic
D:2:      layout_loops_cross, ebering_ecumenical_altar_mist,
          hangedman_decor_points, corexii_hall_statues_u,
          hangedman_abyss_or_decor_stabs

Skill      XL: |  1  2 |
---------------+-------+-----
Axes           | 1 |  1.4
Fighting       | 1 |  1.8
Short Blades   | |  0.8
Dodging        | |  1.7
Stealth        | |  3.2
Spellcasting   | |  1.7
Hexes          | |  2.4

Action                   || total
-------------------------++-------
Melee: Club              ||    27
       Dagger            ||    16
       Hand axe          ||    31
  Use: Scroll            ||     3
 Stab: Sleeping          ||     1
Armor: Robe              ||     6
       Leather armour    ||    23
Dodge: Dodged            ||    52

Table legend:
 A = Non-vault XP
 B = Vault XP
 C = Vault XP percentage of total XP
 D = Non-vault monster count
 E = Vault monster count
 F = Vault count percentage of total count
                 A         B        C        D         E       F
            +---------+---------+-------+---------+---------+-------
      Total |      33 |       0 |   0.0 |      13 |       0 |   0.0
            +---------+---------+-------+---------+---------+-------
        D:1 |       8 |       0 |   0.0 |       6 |       0 |   0.0
        D:2 |      25 |       0 |   0.0 |       7 |       0 |   0.0
            +---------+---------+-------+---------+---------+-------
